 Dungeon Crawl Stone Soup version 0.26-a0-660-gc07710193c (webtiles) character file.

Game seed: 2607368747557997337

862 nel the Cudgeler (level 8, -2/58 HPs)
             Began as a Human Monk on Oct 6, 2020.
             Slain by an ogre
             ... wielding a +0 giant club
              (28 damage)
             ... on level 5 of the Dungeon.
             The game lasted 00:18:45 (9158 turns).

nel the Cudgeler (Human Monk)                       Turns: 9158, Time: 00:18:46

Health: -2/58      AC:  8    Str: 14      XL:     8   Next: 22%
Magic:  8/8        EV: 12    Int: 10 (11) God:
Gold:   325        SH:  0    Dex: 15      Spells: 7/7 levels left

rFire    . . .     SeeInvis .   w - +0 flail
rCold    . . .     Faith    .   (no shield)
rNeg     . . .     Spirit   .   i - +0 ring mail
rPois    +         Reflect  .   (no helmet)
rElec    .         Harm     .   (no cloak)
rCorr    .         Rampage  .   (no gloves)
MR       .....                  t - +0 pair of boots
Stlth    +.........             (no amulet)
HPRegen  0.19/turn              r - ring of poison resistance
MPRegen  0.11/turn              (no ring)

@: no status effects
A: hooves 1, shaggy fur 1
a: no special abilities


You were on level 5 of the Dungeon.
You visited 1 branch of the dungeon, and saw 5 of its levels.

You collected 325 gold pieces.

Inventory:

Hand Weapons
 a - a +0 mace
 j - a +0 whip
 w - a +0 flail (weapon)
 y - the cursed +1 short sword of Painful Death {drain, rF+ rC- MR+ Int+4, unknown}
   (You found it on level 5 of the Dungeon)

   A truly terrible weapon, it drains the life of those it strikes.
   It affects your intelligence (+4).
   It protects you from fire.
   It makes you vulnerable to cold.
   It affects your resistance to hostile enchantments.
   It has a curse placed upon it.
Missiles
 s - 9 poisoned darts (quivered)
Armour
 b - a +0 robe
 h - a +0 leather armour
 i - a +0 ring mail (worn)
 t - a +0 pair of boots (worn)
 x - a +0 chain mail
Jewellery
 r - a ring of poison resistance (left hand)
Scrolls
 c - 3 scrolls of teleportation
 d - 3 scrolls of remove curse {unknown}
 e - a scroll of fog {unknown}
 f - 3 scrolls of immolation {unknown}
 k - 7 scrolls of identify {unknown}
 n - a scroll of magic mapping {unknown}
 p - 3 scrolls of enchant armour {unknown}
 v - 2 scrolls of amnesia {unknown}
Potions
 g - 2 potions of degeneration
 l - 2 potions of curing
 m - a potion of brilliance
 o - a potion of ambrosia {unknown}
 q - 2 potions of stabbing
 u - 3 potions of heal wounds
 z - a potion of lignification {unknown}


   Skills:
 - Level 3.0 Fighting
 * Level 7.9 Maces & Flails
 + Level 4.1 Armour
 - Level 3.6 Dodging
 - Level 2.0 Stealth


You had 7 spell levels left.
You didn't know any spells.
Your spell library was empty.

Dungeon Overview and Level Annotations

Branches:
Dungeon (5/15)
 Temple: D:4-7

Altars:
Ashenzari
Dithmenos
Nemelex Xobeh
Yredelemnul

Annotations:
D:4 Menkaure, Sigmund
D:5 Ijyb


Innate Abilities, Weirdness & Mutations

You have large cloven feet.
You are covered in fur. (AC +1)


Message History

The adder bites you but does no damage.
You miss the adder.
The adder is heavily wounded.
The adder barely misses you.
You hit the adder.
You kill the adder!
You feel sick.
There is an escape hatch in the floor here.
You feel sick.
You feel sick.
You are no longer poisoned.
There is a stone staircase leading down here.
The gnoll barely misses you.
There is a stone staircase leading down here.
The gnoll hits you but does no damage.
The phantom blinks!
You climb downwards.
Level annotation: Ijyb The ogre closely misses you.
The ogre hits you with a +0 giant club!!
You die...

#..#.# #.##.#
#....# #.#### ####
######.#######
..................#
############......#
......# #....g.#
#####.# #....@.#
...##†######...O..#
##.##.#......###+##
<#.##.#.####.###.#
'#.##...# #.#...
....########O#.#
.(.# ....# #......#
#.##.. <...#
#......#...#...
....#
#....#...#...#.


You could see an ogre and a gnoll.

Vanquished Creatures
  A centaur (D:5)
  2 ogres
  2 hounds
  A centaur zombie (D:5)
  2 orc wizards
  A gnoll shaman (D:4)
  An orc priest (D:4)
  An iguana (D:5)
  3 worker ants
  A hound zombie (D:4)
  2 worker ant zombies
  A gnoll (D:2)
  13 adders
  An adder zombie (D:5)
  2 adder skeletons
  6 worms
  6 dart slugs
  A leopard gecko (D:4)
  7 orcs
  3 ball pythons
  11 giant cockroaches
  9 goblins
  8 hobgoblins
  7 jackals
  4 quokkas
  6 bats
  9 frilled lizards
  A jackal skeleton (D:3)
  6 kobolds
  2 leopard gecko zombies (D:4)
  A quokka skeleton (D:4)
  2 quokka zombies (D:4)
  8 rats
131 creatures vanquished.

Vanquished Creatures (others)
  6 withered plants (D:4)
6 creatures vanquished.

Grand Total: 137 creatures vanquished

Notes
Turn   | Place    | Note
-------+----------+-------------------------------------------
     0 | D:1      | nel the Human Monk began the quest for the Orb.
     0 | D:1      | Reached XP level 1. HP: 18/18 MP: 1/1
    57 | D:1      | Reached XP level 2. HP: 18/24 MP: 2/2
   505 | D:1      | Reached skill level 4 in Maces & Flails
   505 | D:1      | Reached XP level 3. HP: 29/29 MP: 3/3
  1597 | D:2      | Reached skill level 1 in Armour
  1624 | D:2      | Reached XP level 4. HP: 35/35 MP: 4/4
  3216 | D:2      | Noticed a gnoll sergeant
  3296 | D:1      | Reached XP level 5. HP: 14/41 MP: 5/5
  4937 | D:3      | Reached skill level 5 in Maces & Flails
  5566 | D:3      | Gained mutation: You have large cloven feet. [potion of
                  | mutation]
  5566 | D:3      | Gained mutation: You are covered in fur. (AC +1) [potion of
                  | mutation]
  5983 | D:4      | Found a shadowy altar of Dithmenos.
  6019 | D:3      | Reached XP level 6. HP: 27/47 MP: 6/6
  6212 | D:4      | Noticed a phantom
  6304 | D:4      | Noticed Menkaure
  6344 | D:4      | Noticed Sigmund
  6353 | D:4      | Noticed an ogre
  6370 | D:3      | Killed an ogre
  6588 | D:4      | Noticed a phantom
  6892 | D:4      | Reached skill level 6 in Maces & Flails
  7076 | D:3      | Reached XP level 7. HP: 40/52 MP: 7/7
  7575 | D:5      | Entered Level 5 of the Dungeon
  7892 | D:5      | Found a broken altar of Ashenzari.
  7910 | D:5      | Reached skill level 7 in Maces & Flails
  8293 | D:5      | Reached XP level 8. HP: 36/58 MP: 8/8
  8480 | D:5      | Found a basalt altar of Yredelemnul.
  8549 | D:5      | Found a sparkling altar of Nemelex Xobeh.
  8688 | D:5      | Got an encrusted short sword
  8907 | D:5      | Noticed Ijyb
  9158 | D:5      | Slain by an ogre

Illustrated notes

Levels and vault maps discovered:
D:1:      dpeg_arrival_round_c, layout_basic, minmay_pentomino_u2
D:2:      layout_loops_corners, minmay_vboxes
D:3:      layout_rooms, skrybe_limestone_x
D:4:      layout_loops_ring, overflow_temple_1_default, serial_undead,
          serial_undead_b, serial_undead_b, serial_undead_c, serial_undead_f,
          minmay_misc_feat_pillars, uniq_sigmund, uniq_menkaure
D:5:      kennysheep_windowed_halls, layout_basic, cheibrodos_ashenzari_chains,
          lemuel_round_altar, kennysheep_mini,
          minmay_fractal_squares_diagonal_5, uniq_ijyb

Skill      XL: |  1  2  3  4  5  6  7  8 |
---------------+-------------------------+-----
Maces & Flails | 4 5 6 7 |  7.9
Armour         | 1 2 3 4 |  4.1
Fighting       | |  3.0
Dodging        | |  3.6
Stealth        | |  2.0

Action                   |  1- 3 |  4- 6 |  7- 9 || total
-------------------------+-------+-------+-------++-------
Melee: Mace              |    50 |    80 |    69 ||   199
       Whip              |    52 |   331 |       ||   383
       Flail             |       |       |   134 ||   134
Throw: Dart              |       |    15 |    16 ||    31
  Use: Potion            |     1 |     8 |       ||     9
       Scroll            |       |     1 |       ||     1
 Stab: Sleeping          |     2 |     8 |       ||    10
       Distracted        |       |     2 |     1 ||     3
Armor: Robe              |     5 |       |       ||     5
       Leather armour    |    11 |    50 |       ||    61
       Ring mail         |       |    27 |    77 ||   104
Dodge: Dodged            |    61 |   254 |   116 ||   431

Table legend: (Time is in decaauts)
 A = Elapsed time spent in this place.
 B = Non-inter-level travel time spent in this place.
 C = Inter-level travel time spent in this place.
 D = Time resting spent in this place.
 E = Time spent auto-exploring this place.
 F = Levels seen in this place.
 G = Mean time per level.
                   A        B        C        D        E       F      G
               +--------+--------+--------+--------+--------+-----+--------+
         Total |   9155 |   8728 |    427 |   3400 |   3091 |   5 | 1831.0 |
       Dungeon |   9155 |   8728 |    427 |   3400 |   3091 |   5 | 1831.0 |
               +--------+--------+--------+--------+--------+-----+--------+

Top non-repeatable levels by time:
     D:2: 2918 daAuts
     D:3: 2162 daAuts
     D:1: 1959 daAuts
     D:5: 1356 daAuts
     D:4: 759 daAuts
